 Dungeon Crawl Stone Soup version 0.31-a0-246-g8cbcc1cb85 (webtiles) character file.

Game seed: 4355538008298635999

60 cforsyth the Changeling (level 4, 0/44 HPs)
             Began as an Ogre Shapeshifter on July 13, 2023.
             Slain by a hobgoblin (3 damage)
             ... on level 1 of the Dungeon.
             The game lasted 00:01:05 (1147 turns).

cforsyth the Changeling (Ogre Shapeshifter)         Turns: 1147, Time: 00:01:05

Health: 0/44       AC:  3    Str: 21    XL:     4   Next: 6%
Magic:  4/4        EV:  9    Int:  9    God:
Gold:   54         SH:  0    Dex:  9    Spells: 3/3 levels left

rFire   . .          .
                       - Unarmed
rCold   . . .        (no shield)
rNeg    . . .        a - +0 animal skin
rPois   .            (helmet currently unavailable)
rElec   .            (cloak currently unavailable)
rCorr   .            (gloves unavailable)
SInv    .            (boots unavailable)
Will    .....        (no amulet)
Stlth   +            (no ring)
HPRegen 0.27/turn    (no ring)
MPRegen 0.09/turn

%: no passive effects
@: beast-form
A: beast (slay +2), large, unfitting armour, tough skin 1
a: no special abilities


You were on level 1 of the Dungeon.
You were a hulking beast.
You visited 1 branch of the dungeon, and saw 2 of its levels.

You collected 54 gold pieces.

Inventory:

Armour
 a - a +0 animal skin (worn)
Jewellery
 g - a ring of protection from fire
 i - a +6 ring of strength
Talismans
 c - a beast talisman
Scrolls
 e - a scroll of noise {unknown}
 f - a scroll of fog {unknown}
 h - 2 scrolls of identify {unknown}
Potions
 b - a potion of lignification
 d - a potion of brilliance {unknown}


   Skills:
 - Level 2.6 Fighting
 - Level 1.7 Dodging
 + Level 2.9 Unarmed Combat
 + Level 3.7 Shapeshifting


You had 3 spell levels left.
You didn't know any spells.
Your spell library was empty.

Dungeon Overview and Level Annotations

Branches:
Dungeon (2/15)

Altars:

Shops:
D:1 !

Annotations:
D:2 Natasha


Innate Abilities, Weirdness & Mutations

You are a hulking beast.
Your limbs bulge with bestial killing power. (Slay +2)
You are too large for most types of armour.
You have tough skin. (AC +1)


Message History

Natasha attacks as you move away! Natasha claws you. The hobgoblin hits you.
* * * LOW HITPOINT WARNING * * *
The hobgoblin attacks as you move away! The hobgoblin closely misses you.
The goblin attacks as you move away! The goblin closely misses you.
The hobgoblin attacks as you move away! The hobgoblin closely misses you.
Natasha casts a spell.
The hobgoblin attacks as you move away!
The hobgoblin hits you but does no damage.
There is a stone staircase leading up here.
You see here a ball python corpse.
The cerulean imp disappears in a puff of smoke!
The hobgoblin attacks as you move away! The hobgoblin hits you.
* * * LOW HITPOINT WARNING * * *
Unknown command.
The hobgoblin attacks as you move away! The hobgoblin hits you.
* * * LOW HITPOINT WARNING * * *
The hobgoblin attacks as you move away! The hobgoblin hits you.
* * * LOW HITPOINT WARNING * * *
You hit the dart slug.
The dart slug is lightly wounded.
The hobgoblin hits you.
* * * LOW HITPOINT WARNING * * *
You punch the dart slug!
You kill the dart slug!
The hobgoblin hits you.
* * * LOW HITPOINT WARNING * * *
The hobgoblin attacks as you move away!
The hobgoblin hits you but does no damage.
The cerulean imp hits you from afar with a +0 spear.
* * * LOW HITPOINT WARNING * * *
The cerulean imp hits you from afar with a +0 spear.
* * * LOW HITPOINT WARNING * * *
There is a stone staircase leading up here.
You see here a ball python skeleton.
The cerulean imp barely misses you. The hobgoblin hits you.
* * * LOW HITPOINT WARNING * * *
You climb upwards.
There is a stone staircase leading down here.
You completely miss the hobgoblin. The hobgoblin hits you.
You die...

#.#
#.#######
#.#####
#.#
#.....#
#.#
####.###.#
#.#
##....#
#.# #.#
#..####
#.# #.#
#.## #.#
#.# #.#
#.###.#
#####.#
#.#.h.#
....'##
#.#g###
.....#
#.#.#
##...#
#####.#
###..#
#.....#
###..#
###.#####
##...#
#...#
.....#
#.###
....## #.#


You could see a hobgoblin.

Vanquished Creatures
  An adder (D:2)
  A gnoll (D:1)
  5 dart slugs
  A bat (D:2)
  4 endoplasms (D:1)
  A giant cockroach (D:1)
  3 goblins
  A hobgoblin (D:2)
  3 quokkas
  4 ball pythons
  2 frilled lizards (D:1)
  A kobold (D:1)
  4 rats
31 creatures vanquished.

Notes
Turn   | Place    | Note
-------+----------+-------------------------------------------
     0 | D:1      | cforsyth the Ogre Shapeshifter began the quest for the Orb.
     0 | D:1      | Reached XP level 1. HP: 22/22 MP: 1/1
    26 | D:1      | Reached XP level 2. HP: 28/29 MP: 2/2
   395 | D:1      | Reached XP level 3. HP: 36/36 MP: 3/3
   626 | D:1      | Found Womastro's Distillery.
  1110 | D:2      | Noticed Natasha
  1117 | D:2      | Reached XP level 4. HP: 18/44 MP: 4/4
  1145 | D:2      | HP: 2/44 [hobgoblin (1)]
  1147 | D:1      | Slain by a hobgoblin

Illustrated notes

Levels and vault maps discovered:
D:1:      minmay_arrival_four_loops, layout_basic, serial_shops,
          nicolae_shop_competitors_out_of_business
D:2:      layout_loops_cross, basic_altar, uniq_natasha

Skill      XL: |  1 |
---------------+----+-----
Unarmed Combat | 2 |  2.9
Fighting       | |  2.6
Dodging        | |  1.7
Shapeshifting  | |  3.7

Action                     |  1- 3 |  4- 6 || total
---------------------------+-------+-------++-------
  Melee: Unarmed           |    70 |     3 ||    73
         Punch             |     1 |       ||     1
   Stab: Sleeping          |     2 |       ||     2
 Armour: Animal skin       |    21 |     2 ||    23
  Dodge: Dodged            |    23 |     4 ||    27

Table legend: (Time is in decaauts)
 A = Elapsed time spent in this place.
 B = Non-inter-level travel time spent in this place.
 C = Inter-level travel time spent in this place.
 D = Time resting spent in this place.
 E = Time spent auto-exploring this place.
 F = Levels seen in this place.
 G = Mean time per level.
                   A        B        C        D        E       F      G
               +--------+--------+--------+--------+--------+-----+--------+
         Total |   1143 |   1119 |     24 |      0 |    932 |   2 |  571.5 |
       Dungeon |   1143 |   1119 |     24 |      0 |    932 |   2 |  571.5 |
               +--------+--------+--------+--------+--------+-----+--------+

Top non-repeatable levels by time:
     D:1: 923 daAuts
     D:2: 220 daAuts
